 Dungeon Crawl Stone Soup version 0.29-a0-1009-g60c99734e7 (webtiles) character file.

Game seed: 6384725645452349888

807 heikuro the Shield-Bearer (level 8, 0/62 HPs)
             Began as a Formicid Fighter on Aug 8, 2022.
             Splashed by a jelly's acid (5 damage)
             ... on level 5 of the Dungeon.
             The game lasted 00:09:22 (4212 turns).

heikuro the Shield-Bearer (Formicid Fighter)        Turns: 4212, Time: 00:09:22

Health: 0/62       AC:  2    Str: 22    XL:     8   Next: 14%
Magic:  8/8        EV: 10    Int:  9    God:
Gold:   256        SH:  5    Dex: 13    Spells: 7/7 levels left

rFire   . . .      SeeInvis +   a - +0 long sword
rCold   . . .      Faith    .   c - +0 buckler
rNeg    . . .      Spirit   .   r - +0 plate armour
rPois   .          Reflect  .   (helmet unavailable)
rElec   .          Harm     .   A - +0 cloak
rCorr   .          Rampage  .   (no gloves)
Will    +....                   y - +0 pair of boots
Stlth   ..........              (no amulet)
HPRegen 0.20/turn               o - +4 ring of evasion
MPRegen 0.11/turn               m - ring of willpower

@: corroded
A: permanent stasis, dig shafts and tunnels, antennae 3, four strong arms
a: Dig, Shaft Self


You were on level 5 of the Dungeon.
You visited 1 branch of the dungeon, and saw 5 of its levels.

You collected 256 gold pieces.

Inventory:

Hand Weapons
 a - a +0 long sword (weapon)
 p - a +2 whip of draining
Missiles
 v - 8 poisoned darts
Armour
 c - a +0 buckler (worn)
 r - a +0 plate armour (worn)
 y - a +0 pair of boots (worn)
 A - a +0 cloak (worn)
Jewellery
 i - a ring of flight
 m - a ring of willpower (right hand)
 o - a +4 ring of evasion (left hand)
Wands
 B - a wand of polymorph (10)
Scrolls
 b - 2 scrolls of identify {unknown}
 f - a scroll of teleportation {unknown}
 g - 2 scrolls of fog {unknown}
 h - 2 scrolls of enchant weapon {unknown}
 j - a scroll of fear {unknown}
 k - a scroll of torment {unknown}
 s - a scroll of silence {unknown}
 x - a scroll of blinking {unknown}
 z - a scroll of noise {unknown}
Potions
 d - 2 potions of curing {unknown}
 e - 3 potions of heal wounds {unknown}
 l - a potion of degeneration {unknown}
 n - a potion of cancellation {unknown}
 q - a potion of magic {unknown}
 t - a potion of brilliance {unknown}
 u - a potion of mutation {unknown}
 w - a potion of lignification {unknown}


   Skills:
 + Level 5.2 Fighting
 * Level 5.7 Long Blades
 + Level 5.3 Armour
 + Level 6.4 Shields


You had 7 spell levels left.
You didn't know any spells.
Your spell library contained the following spells:

 Spells                   Type           Power      Damage    Failure   Level
 Call Canine Familiar     Summ           0%         N/A       100%        3
 Portal Projectile        Hex/Tloc       0%         N/A       100%        3
 Leda's Liquefaction      Hex/Erth       0%         N/A       100%        4


Dungeon Overview and Level Annotations

Branches:
Dungeon (5/15)
 Temple: D:4-7

Altars:
Ashenzari
Fedhas
Xom


Innate Abilities, Weirdness & Mutations

You cannot be hasted, slowed, berserked, paralysed or teleported.
You can dig through walls and to a lower floor.
You have a pair of large antennae on your head. (SInv)
Your four strong arms can wield two-handed weapons with a shield.


Message History

A jelly comes into view.
The jelly quivers.
You hit the black bear but do no damage.
You block the black bear's attack.
The black bear claws you but does no damage.
You block the black bear's attack.
A centaur comes into view.
The centaur shouts!
You hit the black bear but do no damage.
The centaur wields a +0 shortbow.
The centaur shoots an arrow.
The arrow hits you! You block the black bear's attack.
The black bear claws you but does no damage.
The black bear closely misses you.
You slash the jelly! The acid corrodes you!
Your hands burn!
The jelly is severely wounded.
The jelly hits you but does no damage.
The black bear bites you but does no damage.
The black bear claws you. x2
You hit the jelly.
Your hands burn!
The jelly is almost dead.
The jelly misses you. The black bear bites you. The black bear claws you. x2
The jelly hits you.
You are splashed with acid.
The black bear bites you.
* * * LOW HITPOINT WARNING * * *
The black bear barely misses you. x2
Unknown command.
You hit the jelly but do no damage.
Your hands burn!
* * * LOW HITPOINT WARNING * * *
The jelly is almost dead.
The jelly jiggles.
The jelly barely misses you.
You hit the jelly but do no damage. The acid corrodes you!
Your hands burn!
* * * LOW HITPOINT WARNING * * *
The jelly is almost dead.
The jelly hits you.
* * * LOW HITPOINT WARNING * * *
The acid corrodes you!
You are splashed with acid.
* * * LOW HITPOINT WARNING * * *
Okay, then.
You hit the jelly but do no damage. The acid corrodes you!
Your hands burn!
You die...

#.# #.# #.# #.#
##.##
#.#...############
#...............##
#.........###.#..#
#.#.#.###.##...@.#
.......#
#†#..###J#
##.#.###
#...##c{h..# #.#+#
##.#.#..#.#.# #
#....#.#..#.#
.....####. !## #
....# . ## ..... #
.....


You could see a black bear and a jelly.

Vanquished Creatures
  Sigmund (D:2)
  2 black bears (D:4)
  A phantom (D:5)
  2 scorpions
  A howler monkey (D:4)
  2 orc priests (D:3)
  An iguana (D:4)
  Robin (D:3)
  5 adders
  An ufetubus (D:5)
  3 worms
  5 orcs
  8 ball pythons
  4 endoplasms
  2 giant cockroaches
  14 goblins
  8 hobgoblins
  4 quokkas
  6 bats
  A frilled lizard (D:3)
  7 kobolds
  3 rats
82 creatures vanquished.

Notes
Turn   | Place    | Note
-------+----------+-------------------------------------------
     0 | D:1      | heikuro the Formicid Fighter began the quest for the Orb.
     0 | D:1      | Reached XP level 1. HP: 18/18 MP: 1/1
   452 | D:1      | Reached XP level 2. HP: 23/24 MP: 2/2
  1390 | D:2      | Reached XP level 3. HP: 29/29 MP: 3/3
  1416 | D:2      | Noticed Sigmund
  1433 | D:2      | Killed Sigmund
  1434 | D:2      | Reached skill level 5 in Shields
  1434 | D:2      | Reached XP level 4. HP: 17/37 MP: 4/4
  1434 | D:2      | Reached XP level 5. HP: 19/42 MP: 5/5
  1641 | D:2      | Found a shimmering altar of Xom.
  1689 | D:2      | Reached XP level 6. HP: 48/48 MP: 6/6
  2031 | D:3      | Noticed Robin
  2217 | D:3      | Killed Robin
  2324 | D:3      | Found a blossoming altar of Fedhas.
  2385 | D:3      | Found a faded altar of an unknown god.
  2669 | D:3      | HP: 2/49 [orc/+0 whip (1)]
  3078 | D:4      | Reached XP level 7. HP: 54/55 MP: 7/7
  3281 | D:4      | Reached skill level 5 in Long Blades
  3428 | D:4      | Reached skill level 5 in Fighting
  3428 | D:4      | Reached skill level 5 in Armour
  3428 | D:4      | Reached skill level 6 in Shields
  3750 | D:4      | Found a broken altar of Ashenzari.
  3856 | D:5      | Entered Level 5 of the Dungeon
  3892 | D:5      | Reached XP level 8. HP: 53/62 MP: 8/8
  4212 | D:5      | Splashed by a jelly's acid

Illustrated notes

Levels and vault maps discovered:
D:1:      onia_arrival_mini_maze_b, layout_loops_corners
D:2:      layout_rooms, basic_altar, hangedman_decor_push, uniq_sigmund
D:3:      layout_basic, mainiacjoe_overflow_boulevard,
          hellmonk_ecumenical_altar_blasted, uniq_robin
D:4:      layout_rooms, kennysheep_mini, minmay_goblin_outpost
D:5:      layout_loops_corners, kiku_gazebo_pond_becter, temple_fountains,
          serial_shops, shop, minmay_bent

Skill      XL: |  1  2  3  4  5  6  7 |
---------------+----------------------+-----
Fighting       | 4 5 |  5.2
Long Blades    | 3 4 5 |  5.7
Armour         | 4 5 |  5.3
Shields        | 5 6 |  6.4

Action                   |  1- 3 |  4- 6 |  7- 9 || total
-------------------------+-------+-------+-------++-------
Melee: Long sword        |    67 |    58 |    11 ||   136
       Whip              |       |    44 |   112 ||   156
 Abil: Dig               |       |       |     1 ||     1
  Use: Potion            |     1 |       |       ||     1
Armor: Scale mail        |     5 |       |       ||     5
       Chain mail        |    44 |    53 |       ||    97
       Plate armour      |       |    15 |    75 ||    90
Dodge: Dodged            |    40 |    32 |    79 ||   151
Block: Buckler           |    16 |    25 |    26 ||    67

Table legend: (Time is in decaauts)
 A = Elapsed time spent in this place.
 B = Non-inter-level travel time spent in this place.
 C = Inter-level travel time spent in this place.
 D = Time resting spent in this place.
 E = Time spent auto-exploring this place.
 F = Levels seen in this place.
 G = Mean time per level.
                   A        B        C        D        E       F      G
               +--------+--------+--------+--------+--------+-----+--------+
         Total |   4273 |   4099 |    174 |    943 |   2158 |   5 |  854.6 |
       Dungeon |   4273 |   4099 |    174 |    943 |   2158 |   5 |  854.6 |
               +--------+--------+--------+--------+--------+-----+--------+

Top non-repeatable levels by time:
     D:1: 1189 daAuts
     D:2: 1137 daAuts
     D:3: 796 daAuts
     D:4: 788 daAuts
     D:5: 361 daAuts
